 Dungeon Crawl Stone Soup version 0.23.2-33-g5129a83184 (webtiles) character file.

Game seed: 1501839116705050117

198279 t4s4d4r the Warrior (level 18, -2/195 (196) HPs)
             Began as an Ogre Ice Elementalist on July 9, 2019.
             Was the Champion of Ashenzari.
             Killed from afar by a merfolk aquamancer (22 damage)
             ... with a shard of ice
             ... on level 4 of the Shoals on July 10, 2019.
             The game lasted 02:48:24 (64787 turns).

t4s4d4r the Warrior (Ogre Ice Elementalist)        Turns: 64787, Time: 02:48:24

HP:   -2/195 (196)  AC: 16    Str: 17    XL:     18   Next: 43%
MP:   30/34         EV: 12    Int: 22    God:    Ashenzari [******]
Gold: 1055          SH: 17    Dex:  9    Spells: 3/41 levels left

rFire    x . .     SeeInvis +   b - staff of energy
rCold    + . .     Gourm    .   B - +4 shield
rNeg     . . .     Faith    .   X - +2 robe {Archmagi} (curse)
rPois    .         Spirit   .   S - +2 hat
rElec    .         Reflect  +   Y - +5 cloak "Botoigg" {Regen+}
rCorr    .         Harm     .   (gloves unavailable)
MR       +....     Clarity  +   (boots unavailable)
Stlth    +++.......             H - +3 amulet of reflection (curse)
HPRegen  0.82/turn              P - ring of ice
MPRegen  0.24/turn              s - +3 ring of protection (curse)

@: about to teleport, lightly drained, very slow
A: large, unfitting armour, tough skin 1
}: 1/15 runes: barnacled
a: Curse Item, Scrying, Transfer Knowledge, Renounce Religion


You were on level 4 of the Shoals.
You worshipped Ashenzari.
Ashenzari was exalted by your worship.
You were very hungry.

You visited 5 branches of the dungeon, and saw 30 of its levels.
You visited the Abyss 2 times.
You also visited: Ossuary, Bailey, Ice Cave and Volcano.

You collected 3569 gold pieces.
You spent 2514 gold pieces at shops.

Inventory:

Hand Weapons
 a - the +8 dagger of Nackuppu {drain, rElec Int+3}
   (You found it on level 5 of the Dungeon)

   A truly terrible weapon, it drains the life of those it strikes.
   It affects your intelligence (+3).
   It insulates you from electricity.
Missiles
 g - 1058 stones (quivered)
Armour
 B - a +4 shield (worn)
 I - a scarf of resistance
 S - a +2 hat (worn)
 X - a cursed +2 robe of the Archmagi (worn)
 Y - the +5 cloak "Botoigg" (worn) {Regen+}
   (You bought it in a shop on level 2 of the Orcish Mines)

   It increases your rate of regeneration.
Magical Staves
 b - an uncursed staff of energy (weapon)
Jewellery
 j - an uncursed ring of resist corrosion
 s - a cursed +3 ring of protection (right hand)
 C - an uncursed ring of positive energy
 D - the ring of Hunuh {rCorr rElec rPois Str+3 Int-5}
   (You found it on level 7 of the Dungeon)

   [ring of resist corrosion]

   It affects your strength (+3).
   It affects your intelligence (-5).
   It insulates you from electricity.
   It protects you from poison.
 E - an uncursed ring of flight
 H - a cursed +3 amulet of reflection (around neck)
 J - an uncursed ring of positive energy
 L - an uncursed ring of protection from cold
 P - a ring of ice (left hand)
Wands
 k - a wand of disintegration (14)
 p - a wand of scattershot (3)
 y - a wand of acid (21)
 F - a wand of clouds (10)
 V - a wand of iceblast (25)
 W - a wand of paralysis (11)
Scrolls
 d - 4 scrolls of amnesia
 f - 4 scrolls of fog
 q - 11 scrolls of identify
 t - 2 scrolls of blinking
 u - 5 scrolls of fear
 v - 3 scrolls of remove curse
 x - 4 scrolls of teleportation
 A - a scroll of magic mapping
 G - 2 scrolls of enchant weapon
Potions
 e - 5 potions of haste
 h - 9 potions of heal wounds
 l - 7 potions of mutation
 m - 2 potions of invisibility
 n - 16 potions of curing
 r - 8 potions of might
 w - 6 potions of resistance
 z - 3 potions of agility
 K - 6 potions of brilliance
 M - 5 potions of cancellation
 N - 2 potions of flight
 O - a potion of ambrosia {unknown}
 Q - 5 potions of berserk rage
Miscellaneous
 o - a fan of gales
 R - 2 phantom mirrors
 T - a sack of spiders
Comestibles
 c - 23 rations


   Skills:
 - Level 15.8(15.7) Fighting
 - Level 4.7(4.6) Armour
 - Level 6.5(6.3) Dodging
 - Level 6.1(6.0) Stealth
 - Level 9.0(8.9) Shields
 - Level 10.1(10.0) Unarmed Combat
 - Level 12.3(12.1) Spellcasting
 - Level 8.0(10.9) Conjurations
 - Level 6.2(9.2) Summonings
 - Level 5.5(8.5) Necromancy
 + Level 13.2(15.7) Ice Magic
 - Level 8.4(11.2) Air Magic
 - Level 6.0(9.0) Evocations


You had 3 spell levels left.
You knew the following spells:

 Your Spells              Type           Power        Failure   Level  Hunger
a - Freeze                Ice            ####         0%          1    None
b - Ozocubu's Armour      Chrm/Ice       #######.     1%          3    None
c - Throw Icicle          Conj/Ice       ########     1%          4    None
d - Summon Ice Beast      Ice/Summ       ########     1%          4    None
e - Mephitic Cloud        Conj/Pois/Air  ######..     1%          3    None
f - Summon Lightning Spi  Summ/Air       ######..     1%          4    None
g - Regeneration          Chrm/Necr      #####.....   2%          3    None
h - Animate Dead          Necr           N/A          1%          4    None
i - Bolt of Cold          Conj/Ice       ########..   3%          6    None
j - Freezing Cloud        Conj/Ice/Air   ########..   4%          6    None

Your spell library contained the following spells:

 Spells                   Type           Power        Failure   Level  Hunger
 Animate Skeleton         Necr           N/A          1%          1    None
 Magic Dart               Conj           ####         1%          1    None
 Pain                     Necr           ####         1%          1    None
 Summon Small Mammal      Summ           ####         1%          1    None
 Call Imp                 Summ           ######..     1%          2    None
 Ensorcelled Hibernation  Hex/Ice        ######       1%          2    None
 Searing Ray              Conj           ######       1%          2    None
 Throw Frost              Conj/Ice       ######       1%          2    None
 Call Canine Familiar     Summ           ######..     1%          3    None
 Conjure Flame            Conj/Fire      ######..     1%          3    None
 Dazzling Spray           Conj/Hex       ######       1%          3    None
 Recall                   Summ/Tloc      N/A          1%          3    None
 Summon Guardian Golem    Hex/Summ       ######..     1%          3    None
 Vampiric Draining        Necr           ######....   1%          3    None
 Infusion                 Chrm           ###.         4%          1    None
 Blink                    Tloc           N/A          6%          2    None
 Shroud of Golubria       Chrm/Tloc      ###.......   6%          2    None
 Slow                     Hex            ###.....     6%          2    None
 Song of Slaying          Chrm           ###.....     6%          2    None
 Gell's Gravitas          Tloc           ###.......   13%         3    None
 Lesser Beckoning         Tloc           ###.......   13%         3    None
 Portal Projectile        Hex/Tloc       ###...       13%         3    None
 Spectral Weapon          Hex/Chrm       ###.....     13%         3    None
 Teleport Other           Tloc           ###.....     13%         3    None
 Ice Form                 Ice/Tmut       #######.     1%          4    None
 Iskenderun's Mystic Bla  Conj           #######.     1%          4    None
 Ozocubu's Refrigeration  Ice            ########..   1%          6    None
 Force Lance              Conj/Tloc      ######..     4%          4    None
 Fulminant Prism          Conj/Hex       ######....   4%          4    None
 Metabolic Englaciation   Hex/Ice        #######...   4%          5    None
 Simulacrum               Ice/Necr       ########..   4%          6    None
 Silence                  Hex/Air        ######....   12%         5    None
 Shadow Creatures         Summ           N/A          17%         6    None
 Borgnjor's Vile Clutch   Necr/Erth      #####.....   22%         5    None
 Cause Fear               Hex            ###.......   38%         4    None
 Passage of Golubria      Tloc           N/A          38%         4    None
 Deflect Missiles         Chrm/Air       ######....   56%         6    None
 Yara's Violent Unravell  Hex/Tmut       ###.......   75%         5    None
 Darkness                 Hex            ###.......   100%        6    None
 Discord                  Hex            ###.......   100%        8    None


Dungeon Overview and Level Annotations

Branches:
Dungeon (15/15)            Temple (0/1) D:7            Lair (6/6) D:9
 Shoals (4/4) Lair:4       Spider (3/4) Lair:4        Slime (0/5) Lair:5
    Orc (2/2) D:9             Elf (0/3) Orc:2        Vaults (0/5) D:14
 Depths (0/5) D:15

Altars:
Ashenzari
Cheibriados
Dithmenos
Fedhas
Gozag
Nemelex Xobeh
Okawaru
Qazlal
Ru
Sif Muna
Trog
Vehumet
Xom
Zin
The Shining One
Jiyva

Shops:
Orc:1 }   Orc:2 [:}!

Portals:
Trove: D:14 (give horn of Geryon)

Annotations:
D:7 Joseph
D:8 Harold
D:11 3 runed translucent doors, diana's ghost, novice FeTm
D:12 1 runed translucent door, exclusion: cyclops, Tramtrist's ghost, journeyman DDFi
D:14 exclusion: orange crystal statue
Lair:4 1 runed translucent door, funkygono's ghost, journeyman DrCj
Spider:3 Aizul


Innate Abilities, Weirdness & Mutations

You are too large for most types of armour.
You have tough skin. (AC +1)


Message History

The tomahawk hits the merfolk!
The merfolk dies!
You hear a splash. x3
Your surroundings suddenly seem different.
Splash!
The merfolk throws a tomahawk.
You reflect the tomahawk off an invisible shield around you!
The tomahawk barely misses the merfolk.
The merfolk throws a tomahawk.
The tomahawk hits you!
* * * LOW HITPOINT WARNING * * *
You hear a splash.
Found a tomahawk.
You see here a tomahawk.
As you read the scroll of fog, it crumbles to dust.
The scroll dissolves into smoke.
As you read the scroll of teleportation, it crumbles to dust.
You feel strangely unstable.
The merfolk aquamancer casts a spell at you.
The shard of ice hits you!! You partially resist.
You die...

............≈≈≈≈≈≈≈≈≈≈≈######≈≈≈≈
............≈≈≈≈≈≈≈≈≈≈≈≈≈≈))§§§§§
............≈≈≈≈≈≈≈P≈<≈≈≈mm######
...........≈≈≈≈≈≈≈≈..≈≈≈≈E##≈≈≈≈≈
.≈.≈≈.≈...≈≈≈≈≈≈≈≈.Pm..E≈##≈≈≈..#
≈≈≈≈...≈≈≈≈≈≈≈≈§§§...m..≈#≈≈≈≈≈.|
≈≈≈≈≈≈≈≈≈≈≈≈≈§§§§m§....P≈#≈≈#≈#≈.
≈≈≈≈...≈≈######§§§§§{...P#.≈≈≈##≈
≈≈..≈.≈.#≈≈≈≈≈##@§E....m.#≈#≈≈≈≈≈
≈.≈≈..)#.≈#≈≈≈≈##§§.....,*≈≈≈≈≈#≈
.....÷#...≈≈#≈.≈#§§≈≈≈.., ≈≈#≈≈≈
......#.#.≈#≈≈.≈#≈≈≈≈≈≈. ≈*≈≈≈≈≈
......#..≈##≈≈(≈#≈≈≈≈≈≈≈≈ ≈*####
......#..#≈≈≈..≈#≈≈≈≈≈≈≈ ≈≈ ≈≈≈≈
......#≈..≈≈.)#≈ ≈≈≈≈≈≈≈≈≈ ≈≈≈≈
..≈...##≈....#≈# ≈≈≈≈≈≈≈≈≈ ≈ ≈≈
≈≈≈≈≈..##≈≈≈≈≈##≈≈≈ ≈≈≈ ≈≈≈ ≈


You could see a merfolk aquamancer and a water elemental.

Vanquished Creatures
  Rupert (Lair:3)
  Jorgrun (Orc:2)
  Asterion (Spider:3)
  A kraken (Shoals:4)
  Agnes (Spider:2)
  Donald (Lair:4)
  2 frost giants
  Nessos (D:14)
  3 entropy weavers (Spider:1)
  A stone giant (Shoals:1)
  2 merfolk javelineers
  An ettin (Orc:2)
  5 merfolk impalers
  5 hydras
  4 merfolk avatars
  2 ogre magi (Orc:2)
  3 merfolk aquamancers
  An alligator snapping turtle (Shoals:3)
  11 two-headed ogres
  2 tengu warriors
  3 centaur warriors
  A thrashing horror (Abyss:2)
  Urug (Lair:3)
  9 sea snakes
  2 deep trolls (Orc:2)
  A large abomination (Abyss:2)
  4 unseen horrors
  9 orb spiders
  9 harpies
  4 orc knights
  2 salamanders
  22 ugly things
  22 cyclopes
  10 manticores
  A deep elf mage (D:15)
  16 wolf spiders
  6 fauns
  2 moths of wrath (Spider:2)
  7 black mambas
  An ice statue (IceCv)
  2 centaur zombies (D:15)
  A guardian serpent (Lair:6)
  5 water nymphs
  9 merfolk sirens
  2 torpor snails
  2 smoke demons (Abyss:2)
  2 gargoyles
  9 spiny frogs
  2 rime drakes
  6 komodo dragons
  4 kobold demonologists
  A yaktaur (D:15)
  10 demonic crawlers
  4 wind drakes
  2 tengu conjurers
  A silent spectre (Abyss:2)
  34 merfolk
  10 trolls
  Grinder (D:6)
  23 jumping spiders
  3 hornets
  10 polar bears
  Prince Ribbit (D:7)
  2 blink frogs (Lair:6)
  4 slime creatures (D:14)
  6 dream sheep
  4 hippogriffs
  5 snapping turtles
  Sigmund (D:2)
  2 shadows
  14 yaks
  A centaur simulacrum (D:15)
  A vampire (D:15)
  82 redbacks
  9 water elementals
  20 tarantellas
  3 wraiths
  2 spriggans
  3 basilisks
  14 wyverns
  A fire bat (Volcano)
  13 humans
  Eustachio (D:6)
  A hungry ghost (D:11)
  A vampire mosquito (D:12)
  A warg (Orc:1)
  5 porcupines
  10 water moccasins
  A hell hound (Volcano)
  14 orc warriors
  4 sky beasts
  An eye of draining (D:12)
  3 ice beasts
  3 necrophages (D:10)
  A phantom (D:11)
  18 ogres
  5 boggarts (D:15)
  9 wolves
  8 crocodiles
  15 centaurs
  2 big kobolds
  8 bullfrogs
  2 elf skeletons (D:4)
  2 small abominations (Abyss:2)
  4 scorpions
  5 killer bees (D:11)
  8 wights
  2 electric eels (Spider:1)
  6 crimson imps
  A bullfrog zombie (D:6)
  A quasit (Abyss:2)
  14 orc priests
  5 jellies
  15 orc wizards
  4 centaur skeletons
  7 hounds
  2 bullfrog skeletons
  4 iguanas
  9 worker ants
  A hound zombie (D:8)
  A howler monkey zombie (D:8)
  A howler monkey skeleton (D:8)
  A gnoll (D:4)
  10 adders
  4 shadow imps
  2 oozes
  An adder zombie (D:9)
  A worm (D:3)
  2 dart slugs
  5 leopard geckos
  63 orcs
  11 bats
  6 giant cockroaches
  16 goblins
  7 hobgoblins
  12 jackals
  4 quokkas
  A ball python (D:3)
  A frilled lizard (D:4)
  20 kobolds
  2 orc skeletons (D:4)
  An orc zombie (D:4)
  11 rats
  5 plants
  A tentacle (Shoals:4)
904 creatures vanquished.

Vanquished Creatures (collateral kills)
  Gastronok (Lair:3)
  A frost giant (Lair:4)
  Louise (D:14)
  A merfolk javelineer (Shoals:4)
  A hydra (Lair:4)
  Fannar (Lair:3)
  Erica (D:8)
  3 two-headed ogres
  Sonja (D:13)
  2 large abominations (Abyss:2)
  An orc knight (Bailey)
  A lindwurm (Lair:5)
  A necromancer (D:15)
  A deep elf mage (D:12)
  3 ugly things
  2 wolf spiders
  A manticore (D:14)
  2 black mambas (Lair:6)
  A centaur skeleton (D:15)
  8 spiny frogs
  2 rime drakes
  A kobold demonologist (D:11)
  2 komodo dragons
  4 trolls
  3 polar bears (IceCv)
  A jumping spider (Spider:1)
  2 hornets
  8 blink frogs (Lair:6)
  4 hippogriffs
  5 dream sheep
  5 redbacks
  2 spriggans (Lair:3)
  A centaur simulacrum (D:15)
  A vampire (D:12)
  21 yaks
  3 small abominations (Abyss:2)
  5 wyverns (Lair:6)
  3 humans
  A basilisk (Lair:3)
  3 vampire mosquitoes
  A steam dragon (D:9)
  A soldier ant (D:13)
  12 water moccasins
  Duvessa (D:7)
  2 porcupines (Lair:2)
  An ice beast (D:8)
  A black bear (D:11)
  8 orc warriors
  7 ogres
  3 centaurs
  15 wolves
  7 crocodiles
  A big kobold (D:8)
  3 bullfrogs
  A wyvern zombie (D:8)
  Dowan (D:7)
  A water moccasin skeleton (D:9)
  A scorpion (D:6)
  4 killer bees
  6 wights
  A crimson imp (D:12)
  A quasit (D:14)
  A bullfrog zombie (D:12)
  A human zombie (D:4)
  A hound (D:10)
  4 orc priests
  A bullfrog skeleton (D:8)
  6 orc wizards
  2 worker ants
  3 gnolls (D:4)
  An adder (D:4)
  33 orcs
  A giant cockroach (D:8)
  A kobold (D:13)
  4 butterflies (Lair:4)
  3 plants
252 creatures vanquished.

Vanquished Creatures (others)
  A merfolk javelineer (Shoals:4)
  2 fauns
  2 cyclopes
  2 merfolk
  A yak (IceCv)
  A wolf (IceCv)
  3 bushes
  17 fungi
  40 plants
  6 tentacles (Shoals:4)
75 creatures vanquished.

Grand Total: 1231 creatures vanquished

Notes
Turn   | Place    | Note
-------+----------+-------------------------------------------
     0 | D:1      | t4s4d4r the Ogre Ice Elementalist began the quest for the
                  | Orb.
     0 | D:1      | Reached XP level 1. HP: 16/16 MP: 3/3
   251 | D:1      | Reached XP level 2. HP: 24/24 MP: 4/6
  1058 | D:1      | Reached XP level 3. HP: 26/31 MP: 6/8
  1208 | D:1      | Learned a level 3 spell: Ozocubu's Armour
  1406 | D:2      | Noticed Sigmund
  1718 | D:2      | Reached skill level 1 in Fighting
  1810 | D:2      | Reached XP level 4. HP: 38/41 MP: 10/10
  1858 | D:2      | HP: 2/41 [something (10)]
  1859 | D:2      | Killed Sigmund
  1859 | D:2      | Reached skill level 2 in Fighting
  1859 | D:2      | Reached XP level 5. HP: 3/52 MP: 3/12
  2386 | D:2      | Reached XP level 6. HP: 59/59 MP: 11/13
  2526 | D:2      | Reached skill level 3 in Fighting
  2552 | D:2      | Learned a level 4 spell: Throw Icicle
  2557 | D:2      | Learned a level 4 spell: Summon Ice Beast
  2693 | D:2      | Found a shattered altar of Ashenzari.
  2697 | D:2      | Became a worshipper of Ashenzari the Shackled
  2947 | D:3      | Reached skill level 5 in Spellcasting
  3172 | D:3      | Found a shimmering altar of Xom.
  3172 | D:3      | Found a snail-covered altar of Cheibriados.
  3174 | D:3      | Found a shadowy altar of Dithmenos.
  3182 | D:3      | Found a glowing golden altar of the Shining One.
  3183 | D:3      | Found a bloodstained altar of Trog.
  3183 | D:3      | Found an opulent altar of Gozag.
  3183 | D:3      | Found a stormy altar of Qazlal.
  3184 | D:3      | Found a sacrificial altar of Ru.
  3188 | D:3      | Found a sparkling altar of Nemelex Xobeh.
  4341 | D:4      | Reached skill level 4 in Fighting
  4341 | D:4      | Reached skill level 1 in Summonings
  4341 | D:4      | Reached skill level 5 in Ice Magic
  4341 | D:4      | Reached XP level 7. HP: 70/70 MP: 10/14
  4378 | D:4      | Cast into level 1 of the Abyss (orc wizard)
  4484 | D:4      | Escaped the Abyss
  4607 | D:4      | Reached * piety under Ashenzari
  4660 | D:4      | Found a sand-covered staircase.
  4669 | Ossuary  | Entered an ossuary
  5634 | D:4      | Reached skill level 5 in Fighting
  5660 | D:4      | Reached XP level 8. HP: 70/80 MP: 15/15
  5743 | D:5      | Entered Level 5 of the Dungeon
  6546 | D:5      | Found a deep blue altar of Sif Muna.
  6655 | D:5      | Found a radiant altar of Vehumet.
  6695 | D:5      | Got the dagger of Nackuppu {drain, rElec Int+3}
  6696 | D:5      | Identified the +8 dagger of Nackuppu {drain, rElec Int+3}
                  | (You found it on level 5 of the Dungeon)
  6814 | D:6      | Noticed Grinder
  6857 | D:6      | Paralysed by Grinder for 2 turns
  6876 | D:6      | Killed Grinder
  6882 | D:6      | Reached skill level 6 in Fighting
  7357 | D:6      | Noticed Eustachio
  8052 | D:6      | Killed Eustachio
  8112 | D:7      | Reached XP level 9. HP: 92/92 MP: 3/16
  8243 | D:7      | Identified the ring of Hunuh {rCorr rElec rPois Str+3
                  | Int-5}
  8275 | D:7      | Reached skill level 7 in Fighting
  8515 | D:7      | Noticed Prince Ribbit
  8549 | D:7      | Killed Prince Ribbit
  8768 | D:7      | Noticed Duvessa
  8768 | D:7      | Noticed Dowan
  8791 | D:7      | Killed Duvessa
  8807 | D:7      | Killed Dowan
  8940 | D:7      | Found a staircase to the Ecumenical Temple.
  8952 | D:7      | Reached ** piety under Ashenzari
  8980 | D:7      | Noticed Joseph
  9002 | D:6      | Reached skill level 1 in Conjurations
  9616 | D:8      | Noticed a hornet
  9969 | D:8      | Reached skill level 8 in Fighting
 10187 | D:8      | Noticed Harold
 10533 | D:8      | Found an iron altar of Okawaru.
 10722 | D:8      | Noticed Erica
 10731 | D:8      | Killed Erica
 10731 | D:8      | Reached XP level 10. HP: 106/106 MP: 5/17
 11034 | D:8      | Reached skill level 1 in Armour
 11242 | D:9      | Found a staircase to the Orcish Mines.
 12082 | D:9      | Found a staircase to the Lair.
 12591 | D:10     | Entered Level 10 of the Dungeon
 13060 | D:10     | Found a glowing silver altar of Zin.
 13659 | D:11     | Found a flagged portal.
 13686 | Bailey   | Entered a bailey
 14262 | Bailey   | Noticed an orc knight
 14305 | Bailey   | Killed an orc knight
 14305 | Bailey   | Reached skill level 9 in Fighting
 14372 | Bailey   | Noticed an orc knight
 14393 | Bailey   | Killed an orc knight
 14629 | Bailey   | Reached XP level 11. HP: 73/114 MP: 9/19
 14822 | Bailey   | Noticed an orc knight
 15100 | D:11     | Noticed a cyan ugly thing
 15213 | D:11     | Killed a cyan ugly thing
 15343 | D:11     | Reached skill level 10 in Ice Magic
 15723 | D:11     | Noticed a brown ugly thing
 15743 | D:11     | Killed a brown ugly thing
 16089 | D:11     | Noticed a two-headed ogre
 16099 | D:11     | Killed a two-headed ogre
 16310 | D:11     | Reached skill level 10 in Fighting
 16361 | D:11     | Found a runed translucent gate.
 16361 | D:11     | Found a runed translucent gate.
 16374 | D:11     | Found a runed translucent gate.
 16374 | D:11     | Noticed diana's ghost (novice FeTm)
 16757 | D:12     | Noticed a two-headed ogre
 16764 | D:12     | Killed a two-headed ogre
 17175 | D:12     | Noticed a deep elf mage
 17512 | D:12     | Killed a deep elf mage
 17785 | D:12     | Noticed a cyan ugly thing
 17804 | D:12     | Killed a cyan ugly thing
 17922 | D:12     | Found a runed translucent door.
 17924 | D:12     | Found a shimmering altar of Xom.
 17924 | D:12     | Noticed Tramtrist's ghost (journeyman DDFi)
 17925 | D:12     | Noticed a +1 scimitar of chaos
 18083 | D:12     | Noticed a cyclops
 18322 | Lair:1   | Entered Level 1 of the Lair of Beasts
 18467 | Lair:1   | Reached *** piety under Ashenzari
 18697 | Lair:1   | Reached skill level 5 in Summonings
 19107 | Lair:1   | HP: 5/118 [poisoned by a spiny frog]
 19112 | Lair:1   | HP: 5/118 [poisoned by a spiny frog]
 19119 | Lair:1   | HP: 5/118 [poisoned by a spiny frog]
 19127 | Lair:1   | HP: 5/118 [poisoned by a spiny frog]
 20080 | Lair:2   | Reached XP level 12. HP: 120/126 MP: 10/22
 20502 | Lair:3   | Noticed Gastronok
 20688 | Lair:3   | Learned a level 3 spell: Mephitic Cloud
 20693 | Lair:3   | Learned a level 4 spell: Summon Lightning Spire
 20697 | Lair:3   | Learned a level 3 spell: Regeneration
 20841 | Lair:3   | Reached **** piety under Ashenzari
 20858 | Lair:3   | Noticed Urug
 20878 | Lair:3   | Noticed Fannar
 20902 | Lair:3   | Killed Urug
 20902 | Lair:3   | Reached skill level 5 in Conjurations
 21539 | Lair:3   | Killed Fannar
 22038 | Lair:3   | Noticed Rupert
 22226 | Lair:3   | Reached skill level 1 in Air Magic
 22322 | Lair:3   | Reached skill level 1 in Necromancy
 22455 | Lair:4   | Noticed a four-headed hydra
 22461 | Lair:4   | Killed a four-headed hydra
 22720 | Lair:4   | Found a runed translucent door.
 22732 | Lair:4   | Noticed a spriggan rider
 22732 | Lair:4   | Noticed funkygono's ghost (journeyman DrCj)
 22734 | Lair:4   | Identified the +10 trident "Uwiol" {freeze, rN+ MP-9 Int+3}
 22734 | Lair:4   | Noticed a spriggan rider
 22790 | Lair:4   | Found a staircase to the Shoals.
 22800 | Lair:4   | Found a hole to the Spider Nest.
 23150 | Lair:3   | Killed Gastronok
 23242 | Lair:3   | Reached skill level 11 in Fighting
 23654 | Lair:4   | Identified 2 scrolls of acquirement
 23682 | Lair:4   | Learned a level 4 spell: Animate Dead
 24675 | Lair:5   | Noticed a six-headed hydra
 24685 | Lair:5   | Killed a six-headed hydra
 24843 | Lair:5   | Reached XP level 13. HP: 127/136 MP: 10/26
 25090 | Lair:5   | Found a staircase to the Slime Pits.
 25090 | Lair:5   | Found a viscous altar of Jiyva.
 25987 | Lair:6   | Entered Level 6 of the Lair of Beasts
 26031 | Lair:5   | Reached skill level 1 in Evocations
 26824 | Lair:6   | Reached ***** piety under Ashenzari
 28270 | Lair:6   | Reached skill level 5 in Air Magic
 28273 | Lair:6   | Reached skill level 5 in Necromancy
 31341 | D:13     | Noticed Sonja
 31350 | D:13     | Killed Sonja
 31484 | D:13     | Found a blossoming altar of Fedhas.
 31875 | D:13     | Reached skill level 10 in Spellcasting
 31898 | D:13     | Reached skill level 12 in Fighting
 32644 | D:14     | Found a gate to the Vaults.
 32644 | D:14     | Noticed Nessos
 33157 | D:14     | Reached XP level 14. HP: 74/148 MP: 7/28
 33461 | D:14     | Reached skill level 5 in Dodging
 35541 | D:14     | Found a portal to a secret trove of treasure.
 35664 | D:14     | Noticed Louise
 35800 | Orc:1    | Entered Level 1 of the Orcish Mines
 35815 | Orc:1    | Found a frozen archway.
 35954 | IceCv    | Entered an ice cave
 37433 | IceCv    | Noticed a frost giant
 38027 | IceCv    | Killed a frost giant
 38170 | IceCv    | Identified Bulempue's Catalogue of Orientation
 38432 | Orc:1    | Found Vyonucru's Gadget Boutique.
 38644 | Orc:2    | Entered Level 2 of the Orcish Mines
 38653 | Orc:2    | Found Defan's Book Emporium.
 38678 | Orc:2    | Noticed Jorgrun
 38730 | Orc:1    | Learned a level 6 spell: Bolt of Cold
 38740 | Orc:2    | Killed Jorgrun
 38766 | Orc:2    | Reached skill level 13 in Fighting
 38774 | Orc:2    | Found a dark tunnel.
 38780 | Volcano  | Entered a volcano
 39864 | Orc:2    | Found Enoxin's Distillery.
 40539 | Orc:2    | Reached XP level 15. HP: 151/158 MP: 11/30
 41570 | Orc:2    | Found a staircase to the Elven Halls.
 41739 | Orc:2    | Found Diuxi's Gadget Shoppe.
 41741 | Orc:2    | Found Evaorch's Armour Shop.
 41745 | Orc:2    | Bought 2 potions of heal wounds for 140 gold pieces
 41745 | Orc:2    | Bought a potion of brilliance for 56 gold pieces
 41745 | Orc:2    | Bought a potion of brilliance for 56 gold pieces
 41745 | Orc:2    | Bought a potion of brilliance for 56 gold pieces
 41757 | Orc:2    | Bought the +5 cloak "Botoigg" {Regen+} for 365 gold pieces
 42204 | Orc:2    | Bought a potion of resistance for 140 gold pieces
 42204 | Orc:2    | Bought a potion of curing for 42 gold pieces
 42225 | Orc:2    | Bought a wand of acid (8) for 360 gold pieces
 42225 | Orc:2    | Bought a wand of iceblast (13) for 255 gold pieces
 42244 | Orc:2    | Identified the +2 leather armour of Autumn {-Tele +Fly
                  | rPois Regen+}
 42284 | Orc:1    | Bought a wand of clouds (6) for 360 gold pieces
 42284 | Orc:1    | Bought a wand of scattershot (5) for 324 gold pieces
 42284 | Orc:1    | Bought a phantom mirror for 360 gold pieces
 42491 | Lair:3   | Killed Rupert
 43597 | D:14     | Identified the +2 large shield "Dutump" {Dex+2 Stlth+}
 43724 | D:14     | Cast into level 2 of the Abyss (Louise)
 43915 | Abyss:2  | Noticed a tentacled starspawn
 44042 | Abyss:2  | Noticed a bone dragon
 44055 | Abyss:2  | Noticed a tentacled starspawn
 44062 | Abyss:2  | Noticed a tentacled starspawn
 44411 | D:14     | Escaped the Abyss
 44420 | D:14     | Killed Louise
 44420 | D:14     | Reached skill level 5 in Stealth
 45033 | D:14     | Identified the +7 scale mail of a Billion Wars {-Tele MR+++
                  | rCorr Slay+4}
 45352 | D:14     | Killed Nessos
 45492 | D:14     | Identified the +1 scale mail of Civ Xun {Str+3 Dex-2
                  | Stlth+}
 45697 | D:15     | Entered Level 15 of the Dungeon
 45710 | D:14     | Learned a level 6 spell: Freezing Cloud
 46402 | D:15     | Found a staircase to the Depths.
 46402 | D:15     | Noticed a frost giant
 46434 | D:15     | Killed a frost giant
 46734 | D:15     | Reached XP level 16. HP: 165/168 MP: 6/32
 47123 | D:15     | Found a shattered altar of Ashenzari.
 47721 | D:15     | Reached skill level 1 in Unarmed Combat
 47930 | D:15     | Reached ****** piety under Ashenzari
 48891 | Shoals:1 | Entered Level 1 of the Shoals
 48891 | Shoals:1 | Noticed Donald
 48898 | Lair:4   | Killed Donald
 49039 | Spider:1 | Entered Level 1 of the Spider Nest
 49839 | Spider:1 | Reached skill level 5 in Unarmed Combat
 50182 | Spider:1 | Reached skill level 14 in Fighting
 52257 | Spider:2 | Noticed Agnes
 52262 | Spider:2 | Killed Agnes
 53584 | Spider:2 | Reached skill level 15 in Fighting
 53601 | Spider:2 | Reached XP level 17. HP: 97/183 MP: 0/33
 54132 | Spider:2 | Reached skill level 1 in Shields
 55547 | Spider:3 | Noticed Asterion
 56378 | Spider:3 | Reached skill level 5 in Shields
 56584 | Spider:3 | Killed Asterion
 56880 | Spider:3 | Noticed Aizul
 61800 | Shoals:3 | Reached XP level 18. HP: 186/192 MP: 30/34
 62218 | Shoals:4 | Entered Level 4 of the Shoals
 62551 | Shoals:4 | Reached skill level 10 in Unarmed Combat
 63120 | Shoals:4 | Identified the +5 chain mail of Lugonu's Pride {rN++}
 63571 | Shoals:4 | Reached skill level 5 in Evocations
 64693 | Shoals:4 | Got a barnacled rune of Zot
 64787 | Shoals:4 | Killed from afar by a merfolk aquamancer

Skill      XL: |  1  2  3  4  5  6  7  8  9 10 11 12 13 14 15 16 17 18 |
---------------+-------------------------------------------------------+-----
Spellcasting   | 3 4 5 7 9 10 11 12 | 12.3
Ice Magic      | 3 4 5 7 9 10 11 12 13 | 13.2
Fighting       | 1 2 4 5 6 8 9 10 11 12 13 15 | 15.8
Summonings     | 1 2 3 4 5 6 |  6.2
Conjurations   | 3 4 5 6 8 |  8.0
Armour         | 4 |  4.7
Dodging        | 4 6 |  6.5
Stealth        | 3 4 6 |  6.1
Air Magic      | 3 5 7 8 |  8.4
Necromancy     | 3 5 |  5.5
Evocations     | 3 6 |  6.0
Unarmed Combat | 8 9 10 | 10.1
Shields        | 9 |  9.0

Action                   |  1- 3 |  4- 6 |  7- 9 | 10-12 | 13-15 | 16-18 || total
-------------------------+-------+-------+-------+-------+-------+-------++-------
Melee: Club              |    53 |       |       |       |       |       ||    53
       Unarmed           |     1 |       |       |       |       |       ||     1
       Spear             |    49 |   152 |    93 |       |       |       ||   294
       Dagger            |       |       |   188 |   562 |   420 |   120 ||  1290
       Staff             |       |       |       |       |    29 |    28 ||    57
       Punch             |       |       |       |       |       |     1 ||     1
Throw: Stone             |       |       |       |       |     1 |     1 ||     2
 Cast: Freeze            |    23 |    50 |    71 |     5 |    20 |     1 ||   170
       Summon Ice Beast  |       |     1 |    36 |   191 |   169 |    27 ||   424
       Throw Icicle      |       |       |     8 |    50 |   251 |    76 ||   385
       Ozocubu's Armour  |       |       |     2 |       |       |     1 ||     3
       Regeneration      |       |       |       |     4 |     2 |     6 ||    12
       Summon Lightning  |       |       |       |     4 |     1 |       ||     5
       Mephitic Cloud    |       |       |       |     3 |     2 |       ||     5
       Animate Dead      |       |       |       |       |     1 |       ||     1
       Bolt of Cold      |       |       |       |       |   102 |   403 ||   505
       Freezing Cloud    |       |       |       |       |     4 |    20 ||    24
Invok: Curse Item        |       |       |       |     2 |     1 |       ||     3
       Scrying           |       |       |       |       |     1 |     2 ||     3
 Abil: Evoke Flight      |       |       |       |       |       |     1 ||     1
Evoke: Wand              |       |       |       |     1 |     2 |     4 ||     7
       Staff of energy   |       |       |       |       |    12 |     4 ||    16
  Use: Scroll            |     2 |     2 |    10 |    14 |    14 |     9 ||    51
       Potion            |       |       |       |     1 |       |     1 ||     2
 Stab: Sleeping          |     4 |     5 |     5 |     1 |     3 |       ||    18
       Distracted        |       |       |     1 |     5 |     1 |       ||     7
       Confused          |       |       |       |     1 |       |       ||     1
  Eat: Chunk             |     3 |     7 |    22 |    42 |    27 |    23 ||   124
       Ration            |       |       |     1 |     7 |    13 |    10 ||    31
Armor: Robe              |    50 |    45 |   134 |   273 |   288 |   170 ||   960
Dodge: Dodged            |    69 |    81 |   147 |   410 |   506 |   213 ||  1426
Block: Other             |       |       |       |    45 |    98 |    38 ||   181
       Reflection        |       |       |       |       |     3 |    58 ||    61
       Shield            |       |       |       |       |       |   148 ||   148
